[Event "Team 45 45 League T67"]
[Site "Internet Chess Club"]
[Date "2015.12.22"]
[Round "3"]
[White "xwang1"]
[Black "JJ12"]
[Result "1-0"]
[WhiteElo "2092"]
[BlackElo "2093"]
[Opening "Sicilian: accelerated fianchetto, Maróczy bind, 6.Be3"]
[ECO "B38"]
[Time "11:02:04"]
[TimeControl "2700+45"]

1. e4 c5 2. Nf3 Nc6 3. d4 cxd4 4. Nxd4 g6 5. c4 Bg7 6. Be3 Nf6 7. Nc3 O-O 8. Be2
Nxd4 9. Bxd4 d6 10. O-O Bd7 11. Qd2 Bc6 12. f3 Nd7 13. Be3 a5 14. b3 Nc5 15.
Rab1 f5 16. exf5 gxf5 17. Nd5 Kh8 18. Bg5 Rf7 19. Kh1 Ne6 20. Be3 Be5 21. f4 Bg7
22. Bb6 Qd7 23. Bxa5 Rxa5 24. Qxa5 Nd4 25. Bh5 Rf8 26. Qc7 Qxc7 27. Nxc7 Be4 28.
Rbe1 Rc8 29. Nb5 Nxb5 30. cxb5 Bc3 31. Rc1 d5 32. Bf3 d4 33. Rfe1 d3 34. Rxe4
fxe4 35. Bxe4 d2 36. Rd1 b6 37. Kg1 Kg7 38. Kf2 Bb4 39. Ke2 Kf6 40. a3 Bxa3 41.
Rxd2 e5 42. fxe5+ Kxe5 43. Bxh7 Bc5 44. Kf3 Rf8+ 45. Kg4 Rf4+ 46. Kg3 Rb4 47.
Bc2 Rxb5 48. h4 Rb4 49. h5 Kf6 50. h6 Bd4 51. h7 Be5+ 52. Kh3 Kg5 53. g3 Rd4 54.
Re2 Bf6 55. Re8 Rd2 56. Be4 Re2 57. Rg8+ Kh6 58. h8=Q+ Bxh8 59. Rxh8+ Kg7 60.
Re8 {Black resigns} 1-0

[Event "Team 45 45 League T67"]
[Site "Internet Chess Club"]
[Date "2015.12.19"]
[Round "3"]
[White "SlimeDog2"]
[Black "chessfunblast"]
[Result "1/2-1/2"]
[WhiteElo "2023"]
[BlackElo "2009"]
[Opening "Grünfeld: Three knights variation"]
[ECO "D90"]
[Time "23:11:06"]
[TimeControl "2700+45"]

1. d4 Nf6 2. c4 g6 3. Nc3 d5 4. Nf3 Bg7 5. cxd5 Nxd5 6. Na4 O-O 7. e4 Nf6 8. Nc3
c5 9. Bc4 cxd4 10. Nxd4 Nxe4 11. Nxe4 Bxd4 12. O-O Bg7 13. Qb3 Nc6 14. Rd1 Qc7
15. Ng5 e6 16. Qh3 h6 17. Ne4 Nd4 18. Bd3 e5 19. Qh4 Qd8 20. Qg3 Nf5 21. Qf3 Nd4
22. Qg3 {Game drawn by mutual agreement} 1/2-1/2

[Event "Team 45 45 League T67"]
[Site "Internet Chess Club"]
[Date "2015.12.22"]
[Round "3"]
[White "SAC2001"]
[Black "passedpawn"]
[Result "1/2-1/2"]
[WhiteElo "1900"]
[BlackElo "1817"]
[Opening "Sicilian: accelerated fianchetto, modern variation with Bc4"]
[ECO "B35"]
[Time "11:01:28"]
[TimeControl "2700+45"]

1. e4 c5 2. Nf3 g6 3. d4 cxd4 4. Nxd4 Bg7 5. Nc3 Nc6 6. Be3 Nf6 7. Bc4 O-O 8.
Bb3 d6 9. f3 Bd7 10. Qd2 Rc8 11. O-O-O Ne5 12. h4 h5 13. Bh6 Qa5 14. Kb1 b5 15.
Nd5 Qd8 16. Nxf6+ exf6 17. Bxg7 Kxg7 18. g4 Rh8 19. gxh5 Rxh5 20. f4 Nc4 21.
Bxc4 Rxc4 22. f5 Qe7 23. Rde1 Rc5 24. Qd3 a6 25. c3 Bc8 26. Qf3 Bb7 27. Re2 Re5
28. Rhe1 Rxh4 29. fxg6 fxg6 30. Qg3 Rhh5 31. Nf5+ Rhxf5 32. exf5 Rxe2 33. Qxg6+
Kf8 34. Qh6+ Kg8 35. Qg6+ Kf8 36. Qh6+ {Game drawn by mutual agreement} 1/2-1/2

[Event "Team 45 45 League T67"]
[Site "Internet Chess Club"]
[Date "2015.12.18"]
[Round "3"]
[White "ticopatzer"]
[Black "zap2"]
[Result "1-0"]
[WhiteElo "1753"]
[BlackElo "1783"]
[Opening "Queen's Indian: Nimzovich variation (exaggerated fianchetto)"]
[ECO "E15"]
[Time "04:43:06"]
[TimeControl "2700+45"]

1. d4 Nf6 2. c4 e6 3. Nf3 b6 4. g3 Ba6 5. Nbd2 Nc6 6. Bg2 Bb4 7. O-O Bxd2 8.
Nxd2 Nxd4 9. Bxa8 Qxa8 10. b4 h5 11. Bb2 Nf5 12. Bxf6 gxf6 13. e4 Nd6 14. Qf3
Ke7 15. c5 Nc4 16. Nxc4 Bxc4 17. Rfc1 b5 18. a4 a6 19. axb5 Bxb5 20. h4 Bc6 21.
Qf4 e5 22. Qd2 Bxe4 23. b5 Qg8 24. bxa6 Qg4 25. Qe3 Rg8 26. Rc4 f5 27. a7 Ra8
28. Kh2 Qf3 29. Qxf3 Bxf3 30. Rb4 d6 31. Rb8 dxc5 32. Rxa8 Bxa8 33. Ra5 Kd6 34.
Ra6+ Kd5 35. Rh6 c4 36. Rh8 Bc6 37. Rc8 Kd6 38. a8=Q Bxa8 39. Rxa8 Kc5 40. f3
Kd4 41. g4 fxg4 42. fxg4 c3 43. Ra1 c2 44. gxh5 e4 45. h6 Kd3 46. h7 Kd2 47.
h8=Q e3 48. Qd4+ Ke2 49. Rc1 c5 50. Rxc2+ Kf3 51. Qxc5 Ke4 52. Rc4+ Kf3 53. Kg1
Ke2 54. Rd4 f6 55. Qh5+ Ke1 56. Rd1# {Black checkmated} 1-0

[Event "Team 45 45 League T67"]
[Site "Internet Chess Club"]
[Date "2015.12.20"]
[Round "3"]
[White "bradleyguo175"]
[Black "rayonline53"]
[Result "1-0"]
[WhiteElo "1652"]
[BlackElo "1466"]
[Opening "Budapest: Rubinstein variation"]
[ECO "A52"]
[Time "09:08:42"]
[TimeControl "2700+45"]

1. d4 Nf6 2. c4 e5 3. dxe5 Ng4 4. Bf4 Nc6 5. Nf3 Bc5 6. e3 Qe7 7. Be2 Ngxe5 8.
Nxe5 Nxe5 9. O-O d6 10. b4 Bb6 11. Nc3 Be6 12. Bxe5 dxe5 13. c5 Bxc5 14. bxc5
Qxc5 15. Rc1 c6 16. Qa4 O-O 17. Rfd1 Rfd8 18. Ne4 Qe7 19. Rxd8+ Qxd8 20. Rd1 Qe7
21. Qc2 Bf5 22. Bd3 Rd8 23. Nf6+ Qxf6 24. Bxf5 {Black resigns} 1-0

[Event "Team 45 45 League T67"]
[Site "Internet Chess Club"]
[Date "2015.12.20"]
[Round "3"]
[White "werty"]
[Black "uzi"]
[Result "0-1"]
[WhiteElo "1589"]
[BlackElo "1695"]
[Opening "Queen's pawn: Charlick (Englund) gambit"]
[ECO "A40"]
[Time "06:07:28"]
[TimeControl "2700+45"]

1. d4 e5 2. c3 e4 3. g3 d5 4. Bg2 Bd6 5. f3 f5 6. fxe4 dxe4 7. Nh3 Nf6 8. Bf4
Bxf4 9. Nxf4 g5 10. Nh3 h6 11. e3 Qe7 12. Nd2 Bd7 13. Qb3 Nc6 14. O-O-O Ng4 15.
Rde1 O-O-O 16. Re2 h5 17. Nf2 Nf6 18. Kb1 g4 19. h4 Qd6 20. Nf1 Na5 21. Qb4 Qa6
22. Rd2 Nc4 23. Rc2 Nd5 24. Qb3 Ba4 {White resigns} 0-1

[Event "Team 45 45 League T67"]
[Site "Internet Chess Club"]
[Date "2015.12.20"]
[Round "3"]
[White "mongmong"]
[Black "evan7284"]
[Result "0-1"]
[WhiteElo "1576"]
[BlackElo "1695"]
[Opening "Queen's pawn game"]
[ECO "D02"]
[Time "06:04:34"]
[TimeControl "2700+45"]

1. d4 d5 2. Nf3 e6 3. e3 f5 4. c4 c6 5. Bd3 Bd6 6. b3 Nf6 7. O-O O-O 8. Ba3 Bxa3
9. Nxa3 Ne4 10. Ne5 Nd7 11. Nxd7 Bxd7 12. f3 Nf6 13. Qc2 Rc8 14. Nb1 Qe8 15. Nd2
Qh5 16. e4 fxe4 17. fxe4 Ng4 18. h3 Ne3 19. Rxf8+ Rxf8 20. Qb2 Qg5 21. Nf1 Nxf1
22. Bxf1 Qe3+ 23. Kh1 Rf2 24. Qa3 Qf4 25. Qe7 Rxf1+ 26. Rxf1 Qxf1+ 27. Kh2 Qf7
28. Qd8+ Be8 29. exd5 exd5 30. cxd5 cxd5 31. Qb8 a6 32. Qe5 h6 33. g4 Qf2+ 34.
Kh1 Qf3+ 35. Kh2 Bg6 36. Qxd5+ Qxd5 {White resigns} 0-1

[Event "Team 45 45 League T67"]
[Site "Internet Chess Club"]
[Date "2015.12.19"]
[Round "3"]
[White "Packerfan"]
[Black "Goli"]
[Result "1/2-1/2"]
[WhiteElo "1884"]
[BlackElo "1684"]
[Opening "King's Indian: 6.Be2"]
[ECO "E91"]
[Time "10:00:38"]
[TimeControl "2700+45"]

1. e4 g6 2. d4 Bg7 3. Nf3 d6 4. c4 Nf6 5. Nc3 O-O 6. Be2 Bg4 7. h3 Bxf3 8. Bxf3
Nc6 9. O-O e5 10. d5 Nd4 11. Be3 Nxf3+ 12. Qxf3 h6 13. b4 a6 14. Rac1 Nd7 15.
Qe2 f5 16. exf5 gxf5 17. f3 Kh8 18. Kh1 Rg8 19. Rg1 Nf6 20. Bf2 Nh5 21. Qc2 Qf6
22. Ne2 f4 23. Nc3 Bf8 24. Ne4 Qf5 25. Qe2 Be7 26. c5 dxc5 27. bxc5 Rg6 28. Rcd1
Rag8 29. Be1 Kh7 30. d6 cxd6 31. cxd6 Bd8 32. Rd5 Bb6 33. Bf2 Bxf2 34. Qxf2 Ng3+
35. Nxg3 fxg3 36. Qd2 Rg5 37. d7 Rd8 38. Re1 Rh5 39. Qd3 Qxd3 40. Rxd3 Kg7 {Game
drawn by mutual agreement} 1/2-1/2

[Event "Team 45 45 League T67"]
[Site "Internet Chess Club"]
[Date "2015.12.22"]
[Round "3"]
[White "Egmont"]
[Black "clarinetref"]
[Result "1/2-1/2"]
[WhiteElo "1717"]
[BlackElo "1632"]
[Opening "Queen's pawn game"]
[ECO "D05"]
[Time "10:03:55"]
[TimeControl "2700+45"]

1. d4 d5 2. Nf3 e6 3. e3 Nf6 4. Bd3 Be7 5. Nbd2 b6 6. O-O Bb7 7. Ne5 O-O 8. Qe2
c5 9. c3 Nc6 10. Nxc6 Bxc6 11. dxc5 Bxc5 12. e4 dxe4 13. Nxe4 Nxe4 14. Bxe4 Bxe4
15. Qxe4 Qc7 16. Bf4 Bd6 17. Bxd6 Qxd6 18. Rfd1 Qc7 19. Rd3 Rad8 20. Rh3 g6 21.
Qh4 f6 22. Re3 Qd7 23. Qe4 e5 24. h4 Qd5 25. Qa4 Qd7 26. Qb3+ Kg7 27. Qc4 b5 28.
Qe2 a6 29. a4 bxa4 30. Qxa6 Ra8 31. Qc4 Rfc8 32. Qe2 Qb7 33. Rd3 Rc7 34. Qd2 Ra7
35. h5 g5 36. Rd1 Qe4 37. Rh3 Qf5 38. g4 Qxg4+ 39. Rg3 Qxh5 40. Qd8 Qf7 41. Rgd3
Qe7 42. Qd5 Qc5 43. Qe4 Qc4 44. Qf5 Qf7 45. Rh3 Qg6 46. Qe6 Re7 47. Qc8 Rac7 48.
Qa8 Qf5 49. Rhd3 Red7 50. Rxd7+ Rxd7 51. Qxa4 Rxd1+ 52. Qxd1 h5 53. Qxh5 Qb1+
54. Kg2 Qxb2 55. Qf3 Qc2 56. Qc6 g4 57. Qd7+ Kf8 58. Qd8+ Kf7 59. Qd7+ Kf8 60.
Qd8+ {Game drawn by mutual agreement} 1/2-1/2

[Event "Team 45 45 League T67"]
[Site "Internet Chess Club"]
[Date "2015.12.19"]
[Round "3"]
[White "Lrn2Mate"]
[Black "AVEMARIA"]
[Result "1-0"]
[WhiteElo "1605"]
[BlackElo "1566"]
[Opening "English: Carls' Bremen system"]
[ECO "A22"]
[Time "07:03:35"]
[TimeControl "2700+45"]

1. c4 e5 2. Nc3 Nf6 3. g3 Be7 4. Bg2 c6 5. e4 O-O 6. Nge2 d6 7. d3 Be6 8. O-O
Qd7 9. f4 Bh3 10. Be3 Na6 11. fxe5 dxe5 12. d4 Bxg2 13. Kxg2 Ng4 14. Bg1 exd4
15. Nxd4 g6 16. Nf5 Qxd1 17. Nxe7+ Kh8 18. Raxd1 Rae8 19. Rd7 Nb4 20. h3 Ne5 21.
Bd4 f6 {Black resigns} 1-0

[Event "Team 45 45 League T67"]
[Site "Internet Chess Club"]
[Date "2015.12.19"]
[Round "3"]
[White "whiskeytown"]
[Black "Kingfisher75"]
[Result "1-0"]
[WhiteElo "1605"]
[BlackElo "1580"]
[Opening "Scotch game"]
[ECO "C45"]
[Time "14:02:19"]
[TimeControl "2700+45"]

1. e4 e5 2. Nf3 Nc6 3. d4 exd4 4. Nxd4 Bb4+ 5. c3 Bc5 6. Nxc6 bxc6 7. Bc4 Qh4 8.
O-O Nf6 9. Nd2 O-O 10. Qf3 d5 11. exd5 cxd5 12. Bxd5 Nxd5 13. Qxd5 Bd6 14. Nf3
Be6 15. Qxa8 Qf4 {Black resigns} 1-0

[Event "Team 45 45 League T67"]
[Site "Internet Chess Club"]
[Date "2015.12.21"]
[Round "3"]
[White "kwchess"]
[Black "gyu123987kool"]
[Result "1-0"]
[WhiteElo "1668"]
[BlackElo "1876"]
[Opening "Grünfeld: Stockholm variation"]
[ECO "D80"]
[Time "16:00:31"]
[TimeControl "2700+45"]

1. d4 Nf6 2. c4 g6 3. Nc3 d5 4. Bg5 Ne4 5. Bf4 Nxc3 6. bxc3 Bg7 7. e3 O-O 8. Nf3
c5 9. cxd5 cxd4 10. cxd4 Qxd5 11. Be2 Nc6 12. O-O Bf5 13. Qa4 Qa5 14. Qb5 Qxb5
15. Bxb5 Be4 16. Nd2 Bf5 17. Bxc6 bxc6 18. Rfc1 Rac8 19. Rc5 Rfd8 20. Rac1 Be6
21. a4 Bd5 22. Nc4 Bf8 23. Ra5 Ra8 24. Ne5 Rdc8 25. Nd7 Bg7 26. h3 f5 27. Rb1
Kf7 28. Rb7 c5 29. Rbxa7 Rxa7 30. Rxa7 cxd4 31. exd4 Bxd4 32. Ne5+ Kf6 33. Ra6+
e6 34. Nd7+ Ke7 35. Nb6 Be4 36. Nxc8+ Kf6 37. Rd6 Bc5 38. Rd1 g5 39. Be3 Bc2 40.
Rc1 Bxe3 41. Rxc2 {Black resigns} 1-0

[Event "Team 45 45 League T67"]
[Site "Internet Chess Club"]
[Date "2015.12.22"]
[Round "3"]
[White "anishio"]
[Black "Schachteufel"]
[Result "1-0"]
[WhiteElo "1824"]
[BlackElo "1668"]
[Opening "Sicilian: dragon, Yugoslav attack, 10.O-O-O"]
[ECO "B78"]
[Time "11:00:29"]
[TimeControl "2700+45"]

1. e4 c5 2. Nf3 d6 3. d4 cxd4 4. Nxd4 Nf6 5. Nc3 g6 6. Be3 Bg7 7. Bc4 O-O 8. Qd2
Nc6 9. f3 Bd7 10. O-O-O Rc8 11. Nxc6 bxc6 12. g4 Rb8 13. h4 Rb4 14. Bb3 a5 15.
a3 Rb7 16. h5 c5 17. hxg6 hxg6 18. Bh6 Qb6 19. Bxg7 c4 20. Rh8+ Kxg7 21. Qh6#
{Black checkmated} 1-0

[Event "Team 45 45 League T67"]
[Site "Internet Chess Club"]
[Date "2015.12.19"]
[Round "3"]
[White "RUPIS"]
[Black "LN09102Q"]
[Result "1-0"]
[WhiteElo "1713"]
[BlackElo "1641"]
[Opening "Giuoco Piano"]
[ECO "C54"]
[Time "10:00:39"]
[TimeControl "2700+45"]

1. e4 e5 2. Nf3 Nc6 3. Bc4 Bc5 4. c3 Nf6 5. d4 exd4 6. e5 d5 7. exf6 dxc4 8.
fxg7 Rg8 9. Qe2+ Qe7 10. Qxe7+ Kxe7 11. Bh6 d3 12. Nbd2 Be6 13. O-O f6 14. Rfe1
Kf7 15. Ne4 Be7 16. Re3 Kg6 17. Ng3 Kxh6 18. Rxe6 Kxg7 19. Nf5+ Kf8 20. Nxe7
Nxe7 21. Rxf6+ Kg7 22. Re6 Rae8 23. Rae1 Kf7 24. Kf1 a6 25. h4 Rg6 26. Ng5+ Rxg5
27. hxg5 c6 28. f4 d2 29. Rxe7+ Rxe7 30. Rxe7+ Kxe7 31. Ke2 Ke6 32. Kxd2 Kf5 33.
Ke3 Kg4 34. Ke4 b5 35. Ke5 a5 36. f5 Kxg5 37. Ke6 b4 38. f6 a4 39. f7 a3 40.
f8=Q axb2 41. Qxb4 {Black resigns} 1-0

[Event "Team 45 45 League T67"]
[Site "Internet Chess Club"]
[Date "2015.12.19"]
[Round "3"]
[White "FosterChess"]
[Black "rhayder"]
[Result "1-0"]
[WhiteElo "1493"]
[BlackElo "1374"]
[Opening "Ruy Lopez: Exchange variation doubly deferred (DERLD)"]
[ECO "C85"]
[Time "16:19:26"]
[TimeControl "2700+45"]

1. e4 e5 2. Nf3 Nc6 3. Bb5 a6 4. Ba4 Nf6 5. O-O Be7 6. Bxc6 dxc6 7. Nxe5 Qd4 8.
Nf3 Qxe4 9. Re1 Qd5 10. Qe2 Be6 11. Nc3 Qc5 12. d3 O-O-O 13. Bf4 Qa7 14. Qe5 Bd6
15. Qe3 Qxe3 16. Bxe3 h6 17. Bd2 g5 18. h3 Nd5 19. a3 Rhe8 20. b4 Nf4 21. Nd4
Nxh3+ 22. gxh3 Bxh3 23. Rxe8 Rxe8 24. Re1 Rxe1+ 25. Bxe1 f5 26. Nde2 f4 27. Bd2
f3 28. Ng3 Bxg3 29. fxg3 Kd7 30. Kf2 Bg2 31. Ne4 Ke6 32. Nc5+ Kd5 33. Nxb7 Ke5
34. Nc5 Kf5 35. Ne4 Kg6 36. Be3 g4 37. c4 h5 38. a4 h4 39. gxh4 Kh5 40. Kg3 Bh3
41. Nf2 Bf1 42. c5 Be2 43. d4 Bf1 44. Nxg4 {Black resigns} 1-0

[Event "Team 45 45 League T67"]
[Site "Internet Chess Club"]
[Date "2015.12.19"]
[Round "3"]
[White "SugarIslander"]
[Black "kidviper"]
[Result "1/2-1/2"]
[WhiteElo "1693"]
[BlackElo "1945"]
[Opening "Nimzo-Indian: classical, 4...c5"]
[ECO "E38"]
[Time "16:10:03"]
[TimeControl "2700+45"]

1. d4 Nf6 2. c4 e6 3. Nc3 Bb4 4. Qc2 c5 5. e3 O-O 6. Bd3 b6 7. Ne2 cxd4 8. exd4
h6 9. O-O Bb7 10. Bf4 d5 11. cxd5 Nxd5 12. Be4 Qd7 13. Nxd5 Bxd5 14. a3 Be7 15.
Bxd5 Qxd5 16. Rac1 Bf6 17. Rfd1 Nd7 18. Qc6 Qxc6 19. Rxc6 Rfc8 20. Rdc1 Rxc6 21.
Rxc6 Nf8 22. Be3 Rd8 23. Rc7 e5 24. d5 Rxd5 25. Nc3 Rd7 26. Rc8 e4 27. g3 Bxc3
28. Rxc3 f5 29. Kf1 Ng6 30. Ke2 Ne5 31. h3 Nd3 32. b3 Kf7 33. a4 Ne5 34. b4 Nf3
35. h4 Nd4+ 36. Bxd4 Rxd4 37. Rc7+ Kf6 38. Rxa7 Rxb4 39. Rb7 g5 40. hxg5+ hxg5
41. Rb8 f4 42. gxf4 gxf4 43. Ra8 Ke5 44. a5 bxa5 45. Rxa5+ Kd4 46. Ra8 f3+ 47.
Ke1 Kc3 48. Ra3+ Rb3 49. Ra1 Rb2 50. Ra3+ Kc2 51. Ra1 Kb3 52. Ra8 Re2+ 53. Kf1
Kc3 54. Rd8 Rd2 55. Rc8+ Kd3 56. Rd8+ Kc2 57. Rc8+ Kb3 58. Rb8+ Kc2 59. Rc8+ Kd1
60. Ra8 Rd3 61. Ra1+ Kc2 62. Ke1 Kb2 63. Ra8 Kc2 64. Rc8+ Rc3 65. Rd8 Kb3 66.
Rb8+ Kc2 67. Rd8 {Game drawn by mutual agreement} 1/2-1/2

[Event "Team 45 45 League T67"]
[Site "Internet Chess Club"]
[Date "2015.12.19"]
[Round "3"]
[White "kidcobra"]
[Black "Gojira"]
[Result "1-0"]
[WhiteElo "1876"]
[BlackElo "1681"]
[Opening "Sicilian: Smith-Morra gambit"]
[ECO "B21"]
[Time "07:38:50"]
[TimeControl "2700+45"]

1. e4 c5 2. d4 cxd4 3. c3 dxc3 4. Nxc3 Nc6 5. Nf3 d6 6. Bc4 Nf6 7. h3 a6 8. a4
e6 9. O-O Be7 10. Qe2 O-O 11. Rd1 Qc7 12. Bf4 Bd7 13. Rac1 Rfd8 14. Rd2 Rac8 15.
Rcd1 Ne5 16. Bb3 Nxf3+ 17. Qxf3 Bc6 18. Qe2 h6 19. Rd3 b5 20. axb5 Bxb5 21. Nxb5
axb5 22. Rg3 Kh8 23. Re3 e5 24. Bg3 Qc5 25. Bxf7 d5 26. exd5 {Black resigns} 1-0

[Event "Team 45 45 League T67"]
[Site "Internet Chess Club"]
[Date "2015.12.17"]
[Round "3"]
[White "drsigmund1"]
[Black "KidRattler"]
[Result "1-0"]
[WhiteElo "1506"]
[BlackElo "1711"]
[Opening "Queen's pawn game"]
[ECO "A46"]
[Time "21:00:07"]
[TimeControl "2700+45"]

1. d4 Nf6 2. Nf3 e6 3. Bf4 c5 4. c3 d5 5. e3 Nbd7 6. Nbd2 b6 7. Bd3 Bb7 8. O-O
c4 9. Bc2 b5 10. b4 Be7 11. a4 a5 12. axb5 axb4 13. cxb4 Bxb4 14. Rb1 Qe7 15.
Bg5 h6 16. Bh4 g5 17. Bg3 Ra5 18. Ne5 Nb6 19. Ndf3 Nfd7 20. Nxd7 Nxd7 21. Ne5
Nxe5 22. Bxe5 f6 23. Bg3 f5 24. Be5 Rh7 25. g4 Bc8 26. b6 Bd7 27. b7 Rb5 28.
b8=Q+ Rxb8 29. Bxb8 Bd6 30. gxf5 exf5 31. Qf3 g4 32. Qxd5 Qe6 33. Qxd6 Qxd6 34.
Bxd6 Bc6 35. Rb8+ Kd7 36. Bxf5+ Kxd6 37. Bxh7 g3 38. fxg3 h5 39. Bg8 h4 40. gxh4
Be4 41. Bxc4 Bb7 42. Rxb7 Kc6 43. Rb5 Kd6 44. Rf6+ Ke7 45. Re6+ Kf7 46. Rb7+ Kf8
47. Ra6 Ke8 48. Ra8# {Black checkmated} 1-0

[Event "Team 45 45 League T67"]
[Site "Internet Chess Club"]
[Date "2015.12.20"]
[Round "3"]
[White "BJJ"]
[Black "sdcohle"]
[Result "1/2-1/2"]
[WhiteElo "1501"]
[BlackElo "1471"]
[Opening "French: advance, Milner-Barry gambit"]
[ECO "C02"]
[Time "17:14:11"]
[TimeControl "2700+45"]

1. e4 e6 2. d4 d5 3. e5 c5 4. Nf3 Qb6 5. c3 Nc6 6. Bd3 Bd7 7. O-O cxd4 8. Qe2
dxc3 9. Nxc3 Nge7 10. a3 Ng6 11. b4 Qc7 12. Nb5 Qb8 13. Bxg6 fxg6 14. Bb2 Be7
15. Rfe1 O-O 16. Nbd4 a6 17. Rac1 Nxd4 18. Nxd4 Qa7 19. Rc7 Rfd8 20. Rec1 Rac8
21. Qg4 Rxc7 22. Rxc7 Qb6 23. Rc1 Rc8 24. Nf3 Rxc1+ 25. Bxc1 Qc6 26. Bd2 Qa4 27.
Nd4 Qxa3 28. h4 Bxb4 29. Be3 Qc3 30. Qg5 Qc8 31. f4 Qe8 32. Bf2 Bc5 33. Qg4 Qf7
34. Nf3 Bxf2+ 35. Kxf2 Qf5 36. Qg3 Qc2+ 37. Kg1 Qf5 38. Nd4 Qf7 39. Qg5 Qe8 40.
Kh2 b5 41. Nb3 Kf8 42. Nc5 a5 43. Nb7 a4 44. Nd6 Qe7 45. Qg3 Kg8 46. Kh3 Qd8 47.
Qc3 Qb8 48. Qb4 Qb6 49. g3 h5 50. Qb1 Kh7 51. Nf7 Qe3 52. Ng5+ Kh6 53. Nf7+ Kh7
54. Ng5+ Kh6 55. Qb4 Qg1 56. Nf7+ Kh7 57. Ng5+ Kh6 58. Nf7+ Kh7 59. Ng5+ Kh6
{Game drawn by repetition} 1/2-1/2

[Event "Team 45 45 League T67"]
[Site "Internet Chess Club"]
[Date "2015.12.19"]
[Round "3"]
[White "tuantuan"]
[Black "viktory"]
[Result "0-1"]
[WhiteElo "1535"]
[BlackElo "1713"]
[Opening "Sicilian: dragon, classical, 9.Nb3"]
[ECO "B74"]
[Time "17:02:47"]
[TimeControl "2700+45"]

1. e4 c5 2. Nf3 Nc6 3. d4 cxd4 4. Nxd4 g6 5. Nc3 Bg7 6. Nb3 Nf6 7. Be2 O-O 8.
O-O d6 9. Be3 Bd7 10. f3 a6 11. Qd2 Rc8 12. Rad1 b5 13. Nd5 Nxd5 14. exd5 Ne5
15. c3 Bf5 16. Nd4 Qd7 17. Nxf5 Qxf5 18. b3 Qd7 19. h3 Qb7 20. f4 Nd7 21. c4 Nc5
22. Kh1 Ne4 23. Qe1 Bc3 24. Qh4 Bf6 25. Qe1 b4 26. Bd3 Nc3 27. Rd2 a5 28. Qg3
Ra8 29. f5 a4 30. fxg6 fxg6 31. Rf3 axb3 32. axb3 Ra1+ 33. Rf1 Be5 34. Rf2 Rxf1+
35. Kh2 R1xf2 36. Bxf2 Rxf2 37. Qxe5 dxe5 38. Kg1 Qb6 39. Kh2 Qe3 40. c5 Qxd3
41. c6 Qe3 42. c7 Qf4+ 43. Kg1 Rf1# {White checkmated} 0-1

[Event "Team 45 45 League T67"]
[Site "Internet Chess Club"]
[Date "2015.12.19"]
[Round "3"]
[White "Littlemon"]
[Black "okieman888"]
[Result "1-0"]
[WhiteElo "1560"]
[BlackElo "1551"]
[Opening "QGD Slav: exchange, Trifunovic variation"]
[ECO "D10"]
[Time "10:30:38"]
[TimeControl "2700+45"]

1. d4 d5 2. c4 c6 3. cxd5 cxd5 4. Bf4 Nc6 5. e3 Nf6 6. Nc3 Bf5 7. Nf3 e6 8. Qb3
Bb4 9. Bb5 O-O 10. Bxc6 Bxc3+ 11. Qxc3 Rc8 12. Ne5 bxc6 13. O-O Ne4 14. Qa3 f6
15. Nf3 g5 16. Bg3 Ra8 17. h3 Qb6 18. Rac1 Rac8 19. b3 c5 20. dxc5 Rxc5 21. Rxc5
Nxc5 22. Nd4 Bg6 23. Rc1 e5 24. Qxc5 exd4 25. Qxd5+ Bf7 26. Qxd4 Qa6 27. Qb2 Bg6
28. Rd1 Rc8 29. Rd6 Rc6 30. Qxf6 Rxd6 31. Qxd6 Qxa2 32. Qd8+ Kf7 33. Qd7+ Kf6
34. Qd6+ Kf7 35. Be5 Qb1+ 36. Kh2 Qf5 37. Qd5+ Qe6 38. Qxe6+ Kxe6 39. Bd4 a6 40.
b4 Bd3 41. Kg3 Bf5 42. f3 Bd3 43. e4 Bf1 44. Kf2 Bc4 45. g3 Bd3 46. Ke3 Bc2 47.
h4 gxh4 48. gxh4 Ba4 49. f4 Bb5 50. f5+ Kd7 51. e5 Bf1 52. Kf4 h6 53. Bc5 Bc4
54. e6+ Ke8 55. Ke5 Be2 56. f6 Bh5 57. f7+ Bxf7 58. exf7+ Kxf7 59. Kd6 Kf6 60.
Kc6 Kf5 61. Kb6 Kg4 62. Be7 {Black resigns} 1-0

[Event "Team 45 45 League T67"]
[Site "Internet Chess Club"]
[Date "2015.12.21"]
[Round "3"]
[White "zorori"]
[Black "kls1"]
[Result "0-1"]
[WhiteElo "1366"]
[BlackElo "1334"]
[Opening "Caro-Kann: exchange variation"]
[ECO "B13"]
[Time "13:00:52"]
[TimeControl "2700+45"]

1. e4 c6 2. d4 d5 3. exd5 cxd5 4. Nc3 Nf6 5. Bg5 e6 6. Ba6 Nxa6 7. Nf3 Be7 8.
O-O h6 9. Bh4 O-O 10. Re1 Bd7 11. Ne5 Rc8 12. Qd2 b5 13. a3 Nb8 14. Bxf6 Bxf6
15. Ng4 Bg5 16. Qd3 e5 17. Nxe5 g6 18. Qd1 Bf5 19. Nf3 Bf6 20. Rc1 a6 21. Ne2
Re8 22. Ng3 Rxe1+ 23. Qxe1 Be6 24. c3 Nc6 25. Rd1 Na5 26. b4 Nc4 27. Ra1 a5 28.
Qc1 Bg7 29. Qc2 axb4 30. axb4 Ra8 31. Re1 Ra3 32. Ne2 Bf5 33. Qc1 Ra2 34. Qf4
Qa8 35. h3 Rc2 36. Qc7 Bd3 37. Kh2 Rxe2 38. Rxe2 Bxe2 39. Qc5 Qb8+ 40. g3 Bxf3
41. Qxd5 Bxd5 42. Kg1 Qe8 43. Kf1 Nd2+ 44. Kg1 Qe1+ 45. Kh2 Qh1# {White
checkmated} 0-1

[Event "Team 45 45 League T67"]
[Site "Internet Chess Club"]
[Date "2015.12.19"]
[Round "3"]
[White "DarthDaver"]
[Black "zigzag2002"]
[Result "1-0"]
[WhiteElo "1989"]
[BlackElo "2049"]
[Opening "Sicilian: Najdorf"]
[ECO "B90"]
[Time "20:00:38"]
[TimeControl "2700+45"]

1. e4 c5 2. Nf3 d6 3. d4 cxd4 4. Nxd4 Nf6 5. Nc3 a6 6. f3 e5 7. Nb3 Be6 8. Be3
Be7 9. Qd2 h5 10. O-O-O Nbd7 11. Kb1 Rc8 12. f4 b5 13. Bd3 Qc7 14. h3 h4 15.
Rhe1 Nb6 16. Bxb6 Qxb6 17. Nd5 Qa7 18. Nxe7 Qxe7 19. fxe5 dxe5 20. Qg5 O-O 21.
Qxe5 Nd7 22. Qf4 Bxb3 23. axb3 Ne5 24. Be2 Qc5 25. c3 Ng6 26. Qf5 Qc6 27. Bf3 a5
28. e5 Qc5 29. Qe4 Rfe8 30. Rd5 Qb6 31. Bg4 Rc7 32. e6 f5 33. Bxf5 Nf8 34. Re5
Rce7 35. Qxh4 a4 36. bxa4 bxa4 37. Qxa4 Rb8 38. b4 Qc7 39. R5e3 Qc5 40. Bg4 Ng6
41. g3 Rc7 42. e7 Nxe7 43. Qb3+ Kh8 44. Re5 {Black resigns} 1-0

[Event "Team 45 45 League T67"]
[Site "Internet Chess Club"]
[Date "2015.12.20"]
[Round "3"]
[White "JasonModer"]
[Black "ShootStraight"]
[Result "1-0"]
[WhiteElo "1919"]
[BlackElo "1966"]
[Opening "Nimzo-Indian: Simagin variation"]
[ECO "E46"]
[Time "10:00:27"]
[TimeControl "2700+45"]

1. d4 Nf6 2. c4 e6 3. Nc3 Bb4 4. e3 O-O 5. Ne2 d5 6. a3 Bd6 7. Ng3 c5 8. cxd5
exd5 9. dxc5 Bxc5 10. b4 d4 11. Na4 dxe3 12. fxe3 Bd6 13. Be2 Qc7 14. O-O Bxg3
15. hxg3 Qxg3 16. Rf3 Qh4 17. Bb2 Bg4 18. Bxf6 gxf6 19. Rf4 Bxe2 20. Qxe2 Qh6
21. Nc5 Re8 22. Raf1 Nc6 23. Nxb7 Ne5 24. Rxf6 Qh4 25. R1f4 Qg3 26. Nd6 Re6 27.
Nf5 Qg5 28. Nh6+ Kg7 29. Nxf7 Nxf7 30. Rxe6 h5 31. Qf3 Ne5 32. Qb7+ {Black
resigns} 1-0

[Event "Team 45 45 League T67"]
[Site "Internet Chess Club"]
[Date "2015.12.19"]
[Round "3"]
[White "bobhill"]
[Black "vjbaker"]
[Result "1-0"]
[WhiteElo "1966"]
[BlackElo "1771"]
[Opening "Queen's pawn: Torre attack"]
[ECO "A46"]
[Time "19:07:00"]
[TimeControl "2700+45"]

1. d4 Nf6 2. Nf3 e6 3. Bg5 b6 4. e4 h6 5. Bxf6 Qxf6 6. e5 Qd8 7. Bd3 Bb7 8. Nbd2
c5 9. c3 d6 10. O-O Nc6 11. Qe2 cxd4 12. cxd4 Be7 13. Rac1 dxe5 14. dxe5 Bc5 15.
Bb5 O-O 16. Ne4 Nd4 17. Nxd4 Qxd4 18. Nxc5 bxc5 19. Rfd1 Qb4 20. a3 Qa5 21. Bd3
Rac8 22. Bb1 Qb6 23. Rc3 Qc6 24. Rg3 Rcd8 25. Re1 Rd4 26. Qc2 Rfd8 27. Qh7+ Kf8
28. Rxg7 Rf4 29. Qxh6 Rfd4 30. Qf6 R8d7 31. Bh7 {Black resigns} 1-0